 Dungeon Crawl Stone Soup version 0.24-a0-361-g57161393b2 (webtiles) character file.

Game seed: 4961705541128408057

77 Borgoz the Slasher (level 4, -5/60 HPs)
             Began as a Minotaur Monk on May 26, 2019.
             Killed from afar by an orc wizard (7 damage)
             ... with a magic dart
             ... on level 2 of the Dungeon.
             The game lasted 00:02:55 (1417 turns).

Borgoz the Slasher (Minotaur Monk)                  Turns: 1417, Time: 00:02:56

Health: -5/60      AC: 22    Str: 16    XL:     4   Next: 14%
Magic:  3/3        EV:  2    Int: 12    God:
Gold:   95         SH:  0    Dex: 13    Spells: 3/3 levels left

rFire    . . .     SeeInvis +   a - +0 falchion
rCold    . . .     Gourm    .   (no shield)
rNeg     + + +     Faith    .   (armour currently unavailable)
rPois    +         Spirit   .   (helmet currently unavailable)
rElec    .         Reflect  .   (cloak currently unavailable)
rCorr    .         Harm     .   (gloves currently unavailable)
MR       .....     NoTele   +   (boots currently unavailable)
Stlth    ++........             (no amulet)
HPRegen  0.20/turn              o - ring of see invisible
MPRegen  0.08/turn              (no ring)

@: brilliant, tree-form, slowed, very slow
A: (retaliatory headbutt)
a: no special abilities


You were on level 2 of the Dungeon.
You were not hungry.
You were a tree.
You visited 1 branch of the dungeon, and saw 3 of its levels.

You collected 95 gold pieces.

Inventory:

Hand Weapons
 a - a +0 falchion (weapon)
Armour
 h - a +0 leather armour (melded)
 l - a scarf of cloud immunity (melded)
Jewellery
 o - a ring of see invisible (left branch)
 q - a cursed ring of teleportation {unknown}
Scrolls
 b - a scroll of teleportation {unknown}
 e - a scroll of amnesia {unknown}
 g - 2 scrolls of remove curse {unknown}
 i - 2 scrolls of magic mapping {unknown}
 j - a scroll of enchant weapon {unknown}
 m - a scroll of enchant armour {unknown}
 n - a scroll of noise {unknown}
Potions
 d - 2 potions of brilliance
 k - a potion of mutation {unknown}
Comestibles
 c - 2 rations
 f - a chunk of flesh


   Skills:
 + Level 4.3 Fighting
 + Level 4.4 Long Blades
 + Level 4.0 Dodging
 + Level 2.3 Stealth


You had 3 spell levels left.
You didn't know any spells.
Your spell library was empty.

Dungeon Overview and Level Annotations

Branches:
Dungeon (3/15)

Altars:
Kikubaaqudgha
Xom

Annotations:
D:2 2 transporters


Innate Abilities, Weirdness & Mutations

((You reflexively headbutt those who attack you in melee.))
((You have a pair of horns on your head.))


Message History

You hit the orc wizard but do no damage.
The orc wizard is lightly wounded.
The orc wizard mumbles some strange words.
The orc wizard blinks!
The orc wizard casts a spell at you. The puff of flame hits you!
* * * LOW HITPOINT WARNING * * *
It was a potion of brilliance.
You feel clever all of a sudden.
The orc wizard hits you with a +0 dagger.
* * * LOW HITPOINT WARNING * * *
The orc wizard hits you but does no damage.
It was a potion of lignification.
You turn into a tree.
Your scarf of cloud immunity melds into your body.
Your +0 leather armour melds into your body.
You feel vulnerable to the effects of clouds.
Your roots penetrate the ground.
The orc wizard points at you and mumbles some strange words.
The magic dart hits you!
You die...

# ######### ## ##...#...##
######### #. ##.........##
##...#...## #.
#...........#
##.........#######.
#...........#
#.o....[...........
#...........#
#.♣....o....#######
##..........###.[....(....#
#
###...#...#..###.[.......##
# .............#
##...<...## #
.........#...########.### #
..........#....# #.# #
...............# #.# #
####..#.^.^....# #.# #
##÷..^_^.##.##
##.###########


You could see 2 orc wizards.

Vanquished Creatures
  Robin (D:2)
  An ooze (D:1)
  A worm (D:2)
  A dart slug (D:1)
  2 leopard geckos (D:2)
  2 orcs (D:2)
  5 bats
  A giant cockroach (D:2)
  12 goblins
  9 hobgoblins
  2 jackals (D:1)
  3 kobolds (D:1)
  A quokka (D:2)
  A frilled lizard (D:1)
  4 rats
46 creatures vanquished.

Notes
Turn   | Place    | Note
-------+----------+-------------------------------------------
     0 | D:1      | Borgoz the Minotaur Monk began the quest for the Orb.
     0 | D:1      | Reached XP level 1. HP: 19/19 MP: 0/0
    59 | D:1      | Reached XP level 2. HP: 15/27 MP: 1/1
   404 | D:1      | Reached XP level 3. HP: 27/33 MP: 2/2
   592 | D:2      | Found a shimmering altar of Xom.
   615 | D:2      | Noticed Robin
   819 | D:2      | Killed Robin
   930 | D:2      | Noticed a bullfrog
   931 | D:2      | Found an ancient bone altar of Kikubaaqudgha.
   931 | D:2      | Noticed a water moccasin
   936 | D:2      | Found a transporter.
   950 | D:2      | Found a transporter.
  1028 | D:2      | Reached XP level 4. HP: 38/40 MP: 3/3
  1416 | D:2      | HP: 1/40 [orc wizard/+0 dagger (2)]
  1417 | D:2      | Killed from afar by an orc wizard

Levels and vault maps discovered:
D:1:      psy_arrival_basics, layout_rooms
D:2:      layout_rooms, xom_teletrap_fun, gammafunk_temple_overflow_arena,
          serial_bayou_pond_a, uniq_robin
D:3:      layout_rooms, nicolae_overflow_crystal_walls

Skill      XL: |  1  2  3 |
---------------+----------+-----
Fighting       | 4 |  4.3
Stealth        | 2 |  2.3
Long Blades    | 4 |  4.4
Dodging        | 4 |  4.0

Action                   |  1- 3 |  4- 6 || total
-------------------------+-------+-------++-------
Melee: Falchion          |    92 |    14 ||   106
       Headbutt          |    14 |     4 ||    18
  Use: Potion            |       |     2 ||     2
  Eat: Chunk             |     1 |     1 ||     2
Armor: Leather armour    |    21 |     3 ||    24
Dodge: Dodged            |    78 |    19 ||    97
       Rpst.: Falchion   |    18 |     4 ||    22

Table legend:
 A = Non-vault XP
 B = Vault XP
 C = Vault XP percentage of total XP
 D = Non-vault monster count
 E = Vault monster count
 F = Vault count percentage of total count
                 A         B        C        D         E       F
            +---------+---------+-------+---------+---------+-------
      Total |      75 |      36 |  32.4 |      34 |      12 |  26.1
            +---------+---------+-------+---------+---------+-------
        D:1 |      45 |       0 |   0.0 |      21 |       0 |   0.0
        D:2 |      30 |      33 |  52.4 |      13 |      10 |  43.5
        D:3 |       0 |       3 | 100.0 |       0 |       2 | 100.0
            +---------+---------+-------+---------+---------+-------
